 Dungeon Crawl Stone Soup version 0.19.4-8-ga85b6b9 (webtiles) character file.

50 Greenblue the Insei (level 3, -2/28 HPs)
             Began as a Draconian Transmuter on Feb 12, 2017.
             Slain by a quokka (4 damage)
             ... on level 2 of the Dungeon.
             The game lasted 00:02:58 (1110 turns).

Greenblue the Insei (Draconian Transmuter)          Turns: 1110, Time: 00:02:58

Health: -2/28      AC:  6    Str: 12    XL:     3   Next: 55%
Magic:  6/6        EV: 12    Int: 13    God:
Gold:   68         SH:  0    Dex: 12    Spells: 1 memorised, 5 levels left

rFire  . . .     SeeInvis .       - Unarmed
rCold  . . .     Gourm    .     (armour unavailable)
rNeg   . . .     Faith    .     (no shield)
rPois  .         Spirit   .     (helmet restricted)
rElec  .         Reflect  .     (no cloak)
rCorr  +         Harm     .     h - +0 pair of gloves (curse)
MR     .....                    (no boots)
Stlth  +.........               (no amulet)
                                (no ring)
                                j - ring of resist corrosion

@: no status effects
A: unfitting armour, cold-blooded, AC +5
a: no special abilities


You were on level 2 of the Dungeon.
You were hungry.

You visited 1 branch of the dungeon, and saw 2 of its levels.

You collected 68 gold pieces.

Inventory:

Missiles
 a - 12 arrows
Armour
 h - a cursed +0 pair of gloves (worn)
Jewellery
 j - a ring of resist corrosion (left hand)
 l - an uncursed ring of stealth {unknown}
Scrolls
 f - a scroll of recharging {unknown}
 m - a scroll of identify {unknown}
 n - a scroll of remove curse {unknown}
 o - a scroll of teleportation {unknown}
Potions
 d - a potion of berserk rage {unknown}
 e - a potion of heal wounds {unknown}
 k - a potion of cancellation {unknown}
Books
 b - a book of Changes

   Spells                             Type                      Level
   a - Beastly Appendage              Transmutation                1
   b - Sticks to Snakes               Transmutation                2
   c - Spider Form                    Transmutation/Poison         3
   d - Ice Form                       Ice/Transmutation            4
   e - Blade Hands                    Transmutation                5
Comestibles
 c - 2 bread rations
 g - 2 slices of pizza
 i - a meat ration


   Skills:
 - Level 1.1 Fighting
 - Level 1.7 Dodging
 + Level 4.6 Unarmed Combat
 - Level 2.0 Spellcasting
 - Level 2.0 Transmutations


You had 5 spell levels left.
You knew the following spells:

 Your Spells              Type           Power        Failure   Level  Hunger
a - Beastly Appendage     Tmut           #.....       12%         1    ##.....


Dungeon Overview and Level Annotations

Branches:
Dungeon (2/15)

Altars:


Innate Abilities, Weirdness & Mutations

Your plain brown scales are hard. (AC +5)
You cannot fit into any form of body armour.
You are cold-blooded and may be slowed by cold attacks.


Message History

l - a large ruby ring The adder barely misses you.
The giant cockroach barely misses you. The adder barely misses you.
The giant cockroach bites you but does no damage.
The adder barely misses you. The adder barely misses you.
The giant cockroach misses you.
Okay, then.
A quokka comes into view.
The quokka misses you.
Found 7 gold pieces.
The quokka closely misses you.
The quokka bites you but does no damage.
You hit the quokka.
The quokka is severely wounded.
The quokka misses you.
You barely miss the quokka.
Your tail-slap misses the quokka.
The quokka is severely wounded.
The quokka bites you.
You die...

####### ########
#.....# #.......
#.....# #.......
#.....# #.......
#.....# #.......
#..sS.# #.......
###g#.# #.......
#r#s## ##.......
#@#..#####........
#$##.S..Sg....####
#.######g......#..
#.# .........#..
... ..##..........
..... ##.........
.... ..........
..... #..........
#.......##.


You could see a gnoll, an adder, a quokka and a giant cockroach.

Vanquished Creatures
  2 adders (D:2)
  An ooze (D:2)
  A worm (D:2)
  2 giant cockroaches (D:1)
  6 goblins
  3 hobgoblins
  4 bats
  2 frilled lizards (D:1)
  5 kobolds
26 creatures vanquished.

Notes
Turn   | Place    | Note
-------+----------+-------------------------------------------
     0 | D:1      | Greenblue the Draconian Transmuter began the quest for the Orb.
     0 | D:1      | Reached XP level 1. HP: 16/16 MP: 3/3
   348 | D:1      | Reached XP level 2. HP: 23/23 MP: 5/5
   592 | D:2      | Reached skill level 4 in Unarmed Combat
   644 | D:2      | Reached XP level 3. HP: 24/28 MP: 6/6
  1076 | D:2      | HP: 1/28 [gnoll/spear (3)]
  1091 | D:2      | HP: 1/28 [giant cockroach (2)]
  1110 | D:2      | Slain by a quokka

Skill      XL: |  1  2 |
---------------+-------+-----
Unarmed Combat | 4 |  4.6
Fighting       | |  1.1
Dodging        | |  1.7
Spellcasting   | |  2.0
Transmutations | |  2.0

Action                   || total
-------------------------++-------
Melee: Unarmed           ||   123
       Tailslap          ||     6
       Punch             ||     1
       Kick              ||     1
 Cast: Beastly Appendage ||     2
Armor: Skin              ||    33
Dodge: Dodged            ||    81
